 Dungeon Crawl Stone Soup version 0.30-a0-964-gd452b5e7fa (webtiles) character file.

Game seed: 17321796993593822141

903 sircluck the Poker (level 8, 0/63 HPs)
             Began as a Gnoll Reaver on Mar 30, 2023.
             Slain by a gnoll
             ... wielding a +0 halberd
             ... led by a gnoll sergeant
              (10 damage)
             ... on level 6 of the Dungeon.
             The game lasted 00:13:09 (13383 turns).

sircluck the Poker (Gnoll Reaver)                  Turns: 13383, Time: 00:13:09

Health: 0/63       AC:  9    Str: 17    XL:     8   Next: 7%
Magic:  16/16      EV: 14    Int: 13    God:
Gold:   206        SH:  0    Dex: 14    Spells: 17/18 levels left

rFire   . . .      SeeInvis .    B - +2 flail (heavy)
rCold   + . .      Faith    .    (no shield)
rNeg    . . .      Spirit   .    b - +0 leather armour
rPois   .          Reflect  .    t - +0 helmet
rElec   .          Rampage  .    m - scarf "Lokah" {repulsion, Str+4 Dex+3}
rCorr   .                        (no gloves)
Will    .....                    f - +0 pair of boots
Stlth   +                        (no amulet)
HPRegen 0.30/turn                d - ring "Qiahualo" {rC+ AC+4}
MPRegen 0.15/turn                (no ring)

@: confused, lit by a corona, glowing, repel missiles
A: fangs 1, strong nose, distributed training
a: no special abilities


You were on level 6 of the Dungeon.
You visited 1 branch of the dungeon, and saw 6 of its levels.

You collected 206 gold pieces.

Inventory:

Hand Weapons
 a - a +0 spear
 h - a +0 dagger
 j - a +0 dagger of holy wrath
 k - a +0 sling
 n - a +0 spear
 w - a +0 rapier
 B - a +2 heavy flail (weapon)
Missiles
 i - 17 stones (quivered)
Armour
 b - a +0 leather armour (worn)
 f - a +0 pair of boots (worn)
 m - the scarf "Lokah" (worn) {repulsion, Str+4 Dex+3}
   (You found it on level 2 of the Dungeon)

   Str:       It affects your strength (+4).
   Dex:       It affects your dexterity (+3).
 t - a +0 helmet (worn)
 x - a +0 scale mail
Magical Staves
 G - a staff of cold
Jewellery
 d - the ring "Qiahualo" (left hand) {rC+ AC+4}
   (You found it on level 2 of the Dungeon)

   [ring of protection]

   AC:        It affects your AC (+4).
   rC:        It protects you from cold.
 y - a +4 ring of protection
 A - a ring of protection from fire
Wands
 v - a wand of flame (46)
Scrolls
 l - a scroll of vulnerability {unknown}
 p - a scroll of enchant armour {unknown}
 q - a scroll of noise {unknown}
 r - a scroll of enchant weapon {unknown}
 s - a scroll of fog
 u - a scroll of immolation {unknown}
 D - a scroll of teleportation
 E - a scroll of torment {unknown}
 F - a scroll of identify {unknown}
Potions
 e - a potion of mutation {unknown}
 g - a potion of magic {unknown}
 o - a potion of haste {unknown}
 z - a potion of heal wounds {unknown}
 C - a potion of attraction {unknown}
 H - a potion of resistance {unknown}


   Skills:
 + Level 5.5 Fighting
 + Level 3.0 Short Blades
 + Level 3.0 Long Blades
 + Level 3.0 Axes
 + Level 3.0 Maces & Flails
 + Level 7.3 Polearms
 + Level 3.0 Staves
 + Level 3.0 Ranged Weapons
 + Level 3.0 Throwing
 + Level 3.0 Armour
 + Level 5.5 Dodging
 + Level 3.0 Stealth
 + Level 3.0 Shields
 + Level 3.0 Unarmed Combat
 + Level 5.9 Spellcasting
 + Level 6.0 Conjurations
 + Level 2.4 Hexes
 + Level 2.4 Summonings
 + Level 2.4 Necromancy
 + Level 2.4 Translocations
 + Level 2.4 Transmutations
 + Level 2.4 Fire Magic
 + Level 2.4 Ice Magic
 + Level 2.4 Air Magic
 + Level 2.4 Earth Magic
 + Level 2.4 Poison Magic
 + Level 3.3 Invocations
 + Level 3.0 Evocations


You had 17 spell levels left.
You knew the following spells:

 Your Spells              Type           Power      Damage    Failure   Level
a - Kiss of Death         Conj/Necr      56%        2d9       3%          1

Your spell library contained the following spells:

 Spells                   Type           Power      Damage    Failure   Level
 Momentum Strike          Conj/Tloc      28%        3d8       5%          2
 Hailstorm                Conj/Ice       14%        3d5       11%         3


Dungeon Overview and Level Annotations

Branches:
Dungeon (6/15)
 Temple: D:4-7

Altars:
Yredelemnul

Annotations:
D:6 Dowan, Duvessa


Innate Abilities, Weirdness & Mutations

You have very sharp teeth.
Your uncanny sense of smell can sniff out nearby items.
Your experience applies equally to all skills.


Message History

You feel better. The hound bites you.
* * * LOW HITPOINT WARNING * * *
Dowan hits you but does no damage. The hound bites you but does no damage.
As you read the scroll of teleportation, it crumbles to dust.
You feel strangely unstable. The white imp gestures at you.
The puff of frost hits you. You resist.
* * * LOW HITPOINT WARNING * * *
Dowan closely misses you. The hound closely misses you.
The white imp attacks as you move away!
The white imp hits you but does no damage.
The hound bites you but does no damage.
Your surroundings suddenly seem different. 2 yaks and an orc wizard come into view.
The yak bellows!
You hear a bark!
You hear a bellow!
An orc comes into view. It is wielding a +0 hand axe.
A yak comes into view.
The yak bellows!
As you read the scroll of teleportation, it crumbles to dust.
You feel strangely unstable.
The yak bellows!
A yak comes into view.
A hound comes into view.
The orc wizard points at you and mumbles some strange words.
You are confused.
The orc attacks as you move away! The orc misses you.
Your surroundings suddenly seem different.
A gnoll sergeant and 3 gnolls come into view.
The gnoll sergeant is wielding a +1 heavy spear.
The gnoll shouts!
The gnoll barely misses you. The gnoll closely misses you.
The gnoll sergeant hits you with a +1 heavy spear.
* * * LOW HITPOINT WARNING * * *
You're too confused to move!
The gnoll hits you with a +0 whip.
* * * LOW HITPOINT WARNING * * *
The gnoll closely misses you.
The gnoll sergeant completely misses you.
Unknown command.
The gnoll misses you.
The gnoll hits you from afar with a +0 halberd!
You die...

### ..#
#.# #.#
#.# #.#
##
#@#######
#...##
#.g......


YYY.Y. #gg#####. #h..## #g.# ## #..# #..# #..# #..# #..# You could see a gnoll
sergeant and 3 gnolls.

Vanquished Creatures
  Sigmund (D:3)
  A phantom (D:6)
  A bullfrog (D:6)
  2 scorpions
  2 water moccasin zombies (D:4)
  A sleepcap (D:4)
  Jessica (D:2)
  Natasha (thrice) (D:3)
  A scorpion zombie (D:4)
  Robin (D:2)
  3 gnolls (D:4)
  6 adders
  2 adder zombies (D:4)
  7 orcs
  9 ball pythons
  4 bats
  7 endoplasms
  A giant cockroach (D:2)
  26 goblins
  12 hobgoblins
  6 jackals
  6 kobolds
  4 frilled lizards
  4 rats
111 creatures vanquished.

Vanquished Creatures (others)
  3 plants (D:2)
3 creatures vanquished.

Grand Total: 114 creatures vanquished

Notes
Turn   | Place    | Note
-------+----------+-------------------------------------------
     0 | D:1      | sircluck the Gnoll Reaver began the quest for the Orb.
     0 | D:1      | Reached XP level 1. HP: 20/20 MP: 6/6
    98 | D:1      | Reached XP level 2. HP: 26/26 MP: 7/7
   121 | D:1      | Found a faded altar of an unknown god.
   957 | D:2      | Identified the ring "Qiahualo" {rC+ AC+4}
   973 | D:2      | Noticed Jessica
   982 | D:2      | Killed Jessica
   983 | D:2      | Reached skill level 1 in Short Blades
   983 | D:2      | Reached skill level 1 in Long Blades
   983 | D:2      | Reached skill level 1 in Axes
   983 | D:2      | Reached skill level 1 in Maces & Flails
   983 | D:2      | Reached skill level 1 in Staves
   983 | D:2      | Reached skill level 1 in Ranged Weapons
   983 | D:2      | Reached skill level 1 in Throwing
   983 | D:2      | Reached skill level 1 in Armour
   983 | D:2      | Reached skill level 1 in Stealth
   983 | D:2      | Reached skill level 1 in Shields
   983 | D:2      | Reached skill level 1 in Unarmed Combat
   983 | D:2      | Reached skill level 5 in Spellcasting
   983 | D:2      | Reached skill level 1 in Invocations
   983 | D:2      | Reached skill level 1 in Evocations
   983 | D:2      | Reached XP level 3. HP: 31/31 MP: 7/9
  1071 | D:2      | Reached XP level 4. HP: 38/38 MP: 11/11
  1210 | D:2      | Identified the scarf "Lokah" {repulsion, Str+4 Dex+3}
  1275 | D:2      | Noticed Robin
  1287 | D:2      | Reached skill level 1 in Hexes
  1287 | D:2      | Reached skill level 1 in Summonings
  1287 | D:2      | Reached skill level 1 in Necromancy
  1287 | D:2      | Reached skill level 1 in Translocations
  1287 | D:2      | Reached skill level 1 in Transmutations
  1287 | D:2      | Reached skill level 1 in Fire Magic
  1287 | D:2      | Reached skill level 1 in Ice Magic
  1287 | D:2      | Reached skill level 1 in Air Magic
  1287 | D:2      | Reached skill level 1 in Earth Magic
  1287 | D:2      | Reached skill level 1 in Poison Magic
  1915 | D:2      | Reached XP level 5. HP: 43/43 MP: 12/12
  2082 | D:2      | Killed Robin
  2568 | D:3      | Noticed Sigmund
  2593 | D:3      | Killed Sigmund
  2594 | D:3      | Reached skill level 5 in Fighting
  2594 | D:3      | Reached skill level 5 in Dodging
  2594 | D:3      | Reached XP level 6. HP: 34/51 MP: 14/14
  2801 | D:3      | Noticed Natasha
  2807 | D:3      | Killed Natasha
  4372 | D:3      | Noticed Natasha
  4379 | D:3      | Killed Natasha
 12266 | D:3      | Noticed Natasha
 12272 | D:3      | Killed Natasha
 12378 | D:5      | Entered Level 5 of the Dungeon
 12386 | D:5      | Reached skill level 7 in Polearms
 12386 | D:5      | Reached XP level 7. HP: 56/56 MP: 15/15
 12947 | D:4      | Found a basalt altar of Yredelemnul.
 13359 | D:6      | Noticed Dowan
 13367 | D:6      | Noticed Duvessa
 13372 | D:6      | Reached XP level 8. HP: 16/63 MP: 16/16
 13377 | D:6      | Noticed a yak
 13377 | D:6      | Noticed a yak
 13377 | D:6      | Noticed a yak
 13379 | D:6      | Noticed a yak
 13383 | D:6      | Slain by a gnoll

Illustrated notes

Levels and vault maps discovered:
D:1:      dpeg_arrival_rooms_a, layout_loops_corners,
          ebering_ecumenical_altar_box, skrybe_limestone_x,
          minmay_misc_feat_room, minmay_misc_feat_tower, minmay_pentomino_q2
D:2:      kennysheep_the_goblin_king, layout_loops_ring, serial_bayou_pond_c,
          kennysheep_flooded_box, hangedman_decor_clover_reticule,
          guppyfry_early_orc_mine, uniq_robin, uniq_jessica
D:3:      layout_loops_cross, uniq_sigmund, uniq_natasha
D:4:      layout_basic, nicolae_yredelemnul_corpse_copse,
          wad_floor_pattern_untrapped
D:5:      layout_loops_cross
D:6:      layout_loops_ring, temple_hall, gup_sewer_entry_glass, uniq_duvessa

Skill      XL: |  1  2  3  4  5  6  7 |
---------------+----------------------+-----
Short Blades   | 1 2 3 |  3.0
Long Blades    | 1 2 3 |  3.0
Axes           | 1 2 3 |  3.0
Maces & Flails | 1 2 3 |  3.0
Staves         | 1 2 3 |  3.0
Ranged Weapons | 1 2 3 |  3.0
Throwing       | 1 2 3 |  3.0
Armour         | 1 2 3 |  3.0
Stealth        | 1 2 3 |  3.0
Shields        | 1 2 3 |  3.0
Unarmed Combat | 1 2 3 |  3.0
Spellcasting   | 5 |  5.9
Invocations    | 1 2 3 |  3.3
Evocations     | 1 2 3 |  3.0
Hexes          | 1 2 |  2.4
Summonings     | 1 2 |  2.4
Necromancy     | 1 2 |  2.4
Translocations | 1 2 |  2.4
Transmutations | 1 2 |  2.4
Fire Magic     | 1 2 |  2.4
Ice Magic      | 1 2 |  2.4
Air Magic      | 1 2 |  2.4
Earth Magic    | 1 2 |  2.4
Poison Magic   | 1 2 |  2.4
Fighting       | 5 |  5.5
Dodging        | 5 |  5.5
Polearms       | 7 |  7.3
Conjurations   | 6 |  6.0

Action                     |  1- 3 |  4- 6 |  7- 9 || total
---------------------------+-------+-------+-------++-------
  Melee: Spear             |    78 |   202 |       ||   280
         Bite              |     5 |    16 |     8 ||    29
         Punch             |     1 |     2 |     1 ||     4
         Dagger            |       |    22 |       ||    22
         Flail             |       |    14 |    91 ||   105
    Use: Scroll            |     2 |       |     2 ||     4
         Potion            |       |       |     1 ||     1
   Stab: Sleeping          |     2 |    11 |     3 ||    16
 Armour: Leather armour    |    15 |    51 |    92 ||   158
  Dodge: Dodged            |    36 |   114 |   170 ||   320
         Repelled          |       |       |     1 ||     1

Table legend: (Time is in decaauts)
 A = Elapsed time spent in this place.
 B = Non-inter-level travel time spent in this place.
 C = Inter-level travel time spent in this place.
 D = Time resting spent in this place.
 E = Time spent auto-exploring this place.
 F = Levels seen in this place.
 G = Mean time per level.
                   A        B        C        D        E       F      G
               +--------+--------+--------+--------+--------+-----+--------+
         Total |  13453 |  12288 |   1165 |   9008 |   2276 |   6 | 2242.2 |
       Dungeon |  13453 |  12288 |   1165 |   9008 |   2276 |   6 | 2242.2 |
               +--------+--------+--------+--------+--------+-----+--------+

Top non-repeatable levels by time:
     D:3: 10225 daAuts
     D:1: 1197 daAuts
     D:4: 1052 daAuts
     D:2: 914 daAuts
     D:6: 37 daAuts
     D:5: 25 daAuts
